 Dungeon Crawl Stone Soup version 0.29-a0-92-gee772dd00f (webtiles) character file.

Game seed: 2625215337865634103

1211 siradein the Ducker (level 8, -5/74 HPs)
             Began as a Deep Dwarf Berserker on Feb 9, 2022.
             Was a Priest of Trog.
             Slain by a boulder beetle (15 damage)
             ... on level 6 of the Dungeon.
             The game lasted 00:15:40 (4031 turns).

siradein the Ducker (Deep Dwarf Berserker)          Turns: 4031, Time: 00:15:40

Health: -5/74      AC:  7    Str: 21    XL:     8   Next: 22%
Magic:  4/4        EV: 13    Int: 14    God:    Trog [***...]
Gold:   209        SH:  0    Dex: 14    Spells: 7/7 levels left

rFire   . . .      SeeInvis .   a - +0 falchion
rCold   . . .      Faith    .   (no shield)
rNeg    . . .      Spirit   .   b - +0 ring mail
rPois   .          Reflect  .   (no helmet)
rElec   .          Harm     .   t - +0 cloak
rCorr   .          Rampage  .   (no gloves)
Will    +++..                   (no boots)
Stlth   +.........              (no amulet)
HPRegen 1.00/turn               p - +6 ring of intelligence
MPRegen 0.09/turn               (no ring)

@: strong-willed, on berserk cooldown, regenerating, slowed, very slow
A: damage resistance, heal wounds, sense surroundings 1, no regeneration
a: Heal Wounds, Renounce Religion, Berserk, Trog's Hand


You were on level 6 of the Dungeon.
You worshipped Trog.
Trog was most pleased with you.
You visited 1 branch of the dungeon, and saw 6 of its levels.

You collected 209 gold pieces.

Inventory:

Hand Weapons
 a - a +0 falchion (weapon)
Missiles
 g - 11 poisoned darts (quivered)
 j - 2 boomerangs
Armour
 b - a +0 ring mail (worn)
 t - a +0 cloak (worn)
Jewellery
 k - a ring of ice
 p - a +6 ring of intelligence (left hand)
Scrolls
 c - a scroll of enchant weapon {unknown}
 d - a scroll of immolation {unknown}
 e - a scroll of fear {unknown}
 l - a scroll of silence {unknown}
 m - a scroll of blinking {unknown}
 n - a scroll of amnesia {unknown}
 o - 2 scrolls of noise {unknown}
 q - 4 scrolls of identify {unknown}
 r - a scroll of enchant armour {unknown}
 v - a scroll of acquirement {unknown}
 y - a scroll of vulnerability {unknown}
 z - a scroll of teleportation {unknown}
Potions
 f - 3 potions of curing {unknown}
 h - 2 potions of berserk rage {unknown}
 i - 3 potions of might {unknown}
 s - a potion of invisibility {unknown}
 u - a potion of resistance {unknown}
 w - a potion of attraction {unknown}
 x - a potion of brilliance {unknown}


   Skills:
 + Level 5.3 Fighting
 + Level 5.6 Long Blades
 + Level 5.7 Armour
 + Level 5.8 Dodging


You had 7 spell levels left.
You didn't know any spells.
Your spell library was empty.

Dungeon Overview and Level Annotations

Branches:
Dungeon (6/15)             Temple (0/1) D:5

Altars:
Dithmenos
Ru


Innate Abilities, Weirdness & Mutations

You are resistant to damage.
You can heal yourself by infusing magical energy.
You passively map a small area around you.
You do not regenerate.


Message History

The boulder beetle curls into a ball and begins rolling!
You are no longer berserk.
You are exhausted.
You feel yourself slow down.
The boulder beetle looks more healthy.
The boulder beetle hits you.
The boulder beetle stops rolling and uncurls.
You completely miss the boulder beetle.
The boulder beetle is lightly wounded.
A killer bee zombie comes into view.
The boulder beetle bites you!!
* * * LOW HITPOINT WARNING * * *
The boulder beetle barely misses you.
The killer bee zombie moves out of view.
Your skin crawls.
You feel strong-willed. The boulder beetle barely misses you.
Throw: 14 darts (poison)
Press: ? - help, Q - select action, (/) - cycle Shift-Dir - straight line, f/p - boulder beetle
Aim: a boulder beetle (lightly wounded, 90% to hit)
You throw a poisoned dart.
The poisoned dart hits the boulder beetle.
The boulder beetle is poisoned.
The boulder beetle is lightly wounded.
The boulder beetle closely misses you. The boulder beetle bites you!
* * * LOW HITPOINT WARNING * * *
Throw: 13 darts (poison)
Press: ? - help, Q - select action, (/) - cycle Shift-Dir - straight line, f/p - boulder beetle
Aim: a boulder beetle (lightly wounded, poisoned, 90% to hit)
You throw a poisoned dart.
The poisoned dart hits the boulder beetle.
The boulder beetle is lightly wounded.
The boulder beetle barely misses you.
Throw: 12 darts (poison)
Press: ? - help, Q - select action, (/) - cycle Shift-Dir - straight line, f/p - boulder beetle
Aim: a boulder beetle (moderately wounded, poisoned, 90% to hit)
You throw a poisoned dart.
The poisoned dart hits the boulder beetle.
The boulder beetle is moderately wounded.
The boulder beetle bites you!
You die...

, * * , .#....., .# ,
...... .. , ...... , .###
.....#* *...###, *
.(..####.#...#,* #.
*#####....#...# * .###...
...#.#......#
.......###.#@.......#
..........ZB..###..$....
.......####.............
.............####.......
,........................
..........##.##.........
................#.......
,
*###.....#...............
#.###.#........#*


You could see a boulder beetle (poisoned) and a killer bee zombie.

Vanquished Creatures
  A sky beast (D:5)
  2 ogres
  2 black bears
  A necrophage (D:5)
  A centaur (D:5)
  A kobold brigand (D:4)
  A scorpion (D:5)
  A wyvern skeleton (D:6)
  An orc priest (D:5)
  A gnoll shaman (D:5)
  2 hounds (D:5)
  An iguana (D:5)
  A hound zombie (D:5)
  A hound skeleton (D:5)
  7 gnolls
  7 adders
  An adder skeleton (D:4)
  5 worms
  3 dart slugs
  9 orcs
  6 bats
  8 endoplasms
  5 giant cockroaches
  6 goblins
  8 hobgoblins
  6 jackals
  A quokka (D:1)
  5 ball pythons
  3 frilled lizards
  8 kobolds
  A rat (D:3)
106 creatures vanquished.

Notes
Turn   | Place    | Note
-------+----------+-------------------------------------------
     0 | D:1      | siradein the Deep Dwarf Berserker began the quest for the
                  | Orb.
     0 | D:1      | Reached XP level 1. HP: 20/20 MP: 1/1
   113 | D:1      | Reached XP level 2. HP: 5/27 MP: 2/2
   580 | D:1      | Found a faded altar of an unknown god.
   804 | D:2      | Reached XP level 3. HP: 33/34 MP: 2/2
   866 | D:2      | Reached ** piety under Trog
  1493 | D:3      | Reached XP level 4. HP: 37/42 MP: 2/2
  1581 | D:3      | Found a shadowy altar of Dithmenos.
  2101 | D:4      | Reached *** piety under Trog
  2102 | D:4      | Reached XP level 5. HP: 48/49 MP: 3/3
  2169 | D:4      | Noticed an ogre
  2180 | D:4      | Killed an ogre
  2389 | D:4      | Reached XP level 6. HP: 31/57 MP: 4/4
  3011 | D:5      | Entered Level 5 of the Dungeon
  3108 | D:5      | Noticed a sky beast
  3126 | D:5      | Reached XP level 7. HP: 66/66 MP: 3/3
  3134 | D:5      | Reached skill level 5 in Long Blades
  3134 | D:5      | Reached skill level 5 in Dodging
  3136 | D:5      | Reached skill level 5 in Armour
  3170 | D:5      | Found a staircase to the Ecumenical Temple.
  3503 | D:5      | Reached skill level 5 in Fighting
  3524 | D:5      | Reached XP level 8. HP: 46/72 MP: 4/4
  3621 | D:5      | Found a sacrificial altar of Ru.
  4015 | D:6      | Noticed a boulder beetle
  4031 | D:6      | Slain by a boulder beetle

Illustrated notes

Levels and vault maps discovered:
D:1:      lemuel_arrival_muddy, layout_loops_ring,
          dilly_ecumenical_altar_fadedgnrine
D:2:      minmay_inner_zag, layout_rooms
D:3:      minmay_door_path, layout_rooms, nicolae_dithmenos_the_darkroom
D:4:      layout_loops_corners, nicolae_elevator_lobby_plus
D:5:      layout_loops_corners, nicolae_ru_awakened_eye, temple_green,
          kennysheep_dice
D:6:      layout_rooms

Skill      XL: |  1  2  3  4  5  6  7 |
---------------+----------------------+-----
Fighting       | 3 4 5 |  5.3
Dodging        | 3 4 5 |  5.8
Armour         | 3 4 5 |  5.7
Long Blades    | 4 5 |  5.6

Action                   |  1- 3 |  4- 6 |  7- 9 || total
-------------------------+-------+-------+-------++-------
Melee: Falchion          |   148 |   193 |   112 ||   453
       Punch             |     1 |     1 |     2 ||     4
Throw: Dart              |       |       |     6 ||     6
Invok: Berserk           |       |     2 |     1 ||     3
       Trog's Hand       |       |     1 |     1 ||     2
 Abil: Heal Wounds       |     3 |     6 |     5 ||    14
 Stab: Sleeping          |     1 |       |       ||     1
Armor: Animal skin       |    24 |       |       ||    24
       Ring mail         |     4 |    59 |    29 ||    92
       Leather armour    |     2 |       |       ||     2
Dodge: Dodged            |   100 |   137 |    82 ||   319

Table legend: (Time is in decaauts)
 A = Elapsed time spent in this place.
 B = Non-inter-level travel time spent in this place.
 C = Inter-level travel time spent in this place.
 D = Time resting spent in this place.
 E = Time spent auto-exploring this place.
 F = Levels seen in this place.
 G = Mean time per level.
                   A        B        C        D        E       F      G
               +--------+--------+--------+--------+--------+-----+--------+
         Total |   4092 |   3929 |    163 |      2 |   2935 |   6 |  682.0 |
       Dungeon |   4092 |   3929 |    163 |      2 |   2935 |   6 |  682.0 |
               +--------+--------+--------+--------+--------+-----+--------+

Top non-repeatable levels by time:
     D:4: 1042 daAuts
     D:5: 959 daAuts
     D:1: 739 daAuts
     D:2: 654 daAuts
     D:3: 624 daAuts
     D:6: 71 daAuts
